 Dungeon Crawl Stone Soup version 0.28.0 (webtiles) character file.

Game seed: 10230180061961520292

219 croobank the Skirmisher (level 5, -5/47 HPs)
             Began as a Hill Orc Fighter on Feb 19, 2022.
             Slain by a bullfrog (6 damage)
             ... on level 4 of the Dungeon.
             The game lasted 00:10:25 (3486 turns).

croobank the Skirmisher (Hill Orc Fighter)          Turns: 3486, Time: 00:10:26

Health: -5/47      AC:  3    Str: 21    XL:     5   Next: 96%
Magic:  5/5        EV:  9    Int:  8    God:
Gold:   137        SH:  4    Dex: 10    Spells: 4/4 levels left

rFire   . . .      SeeInvis .   a - +1 war axe
rCold   . . .      Faith    .   c - +0 buckler
rNeg    . . .      Spirit   .   o - +0 scale mail
rPois   .          Reflect  .   (no helmet)
rElec   .          Harm     .   h - +0 cloak
rCorr   .          Rampage  .   q - +2 pair of gloves
Will    +....                   (no boots)
Stlth   ..........              (no amulet)
HPRegen 0.15/turn               m - ring of willpower
MPRegen 0.09/turn               (no ring)

@: mighty, corroded, attractive
A: no striking features
a: no special abilities


You were on level 4 of the Dungeon.
You visited 1 branch of the dungeon, and saw 4 of its levels.

You collected 137 gold pieces.

Inventory:

Hand Weapons
 a - a +1 war axe (weapon)
 b - a +0 hunting sling
Missiles
 e - 59 stones
 f - 22 bolts
 g - 4 javelins (quivered)
Armour
 c - a +0 buckler (worn)
 h - a +0 cloak (worn)
 o - a +0 scale mail (worn)
 q - a +2 pair of gloves (worn)
Jewellery
 m - a ring of willpower (left hand)
Wands
 t - a wand of acid (5)
Scrolls
 j - 3 scrolls of teleportation
 r - a scroll of identify {unknown}
 s - a scroll of fog {unknown}
Potions
 k - 2 potions of ambrosia {unknown}
 l - a potion of flight {unknown}
 n - 4 potions of heal wounds {unknown}
 p - a potion of curing {unknown}


   Skills:
 + Level 4.9 Fighting
 + Level 4.4 Axes
 + Level 4.5 Armour
 + Level 4.5 Shields


You had 4 spell levels left.
You didn't know any spells.
Your spell library contained the following spells:

 Spells                   Type           Power      Damage    Failure   Level
 Corpse Rot               Necr/Air       0%         N/A       92%         2
 Ensorcelled Hibernation  Hex/Ice        0%         N/A       92%         2
 Spider Form              Tmut/Pois      0%         N/A       99%         3
 Anguish                  Hex/Necr       0%         N/A       100%        4
 Dispel Undead            Necr           0%         3d6       100%        4
 Death Channel            Necr           0%         N/A       100%        6


Dungeon Overview and Level Annotations

Branches:
Dungeon (4/15)
 Temple: D:4-7

Altars:
Hepliaklqana
Uskayaw

Shops:
D:1 (


Message History

Found a stone staircase leading up.
A bullfrog comes into view.
The jelly hits you but does no damage.
You hit the jelly.
Your hands burn!
The jelly is moderately wounded.
The jelly closely misses you.
You hit the jelly.
Your hands burn!
The jelly is moderately wounded.
The jelly misses you. You block the jelly's attack.
You hit the jelly. The acid corrodes you!
Your hands burn!
The jelly is moderately wounded.
The jelly closely misses you.
You slash the jelly! The acid corrodes you!
Your hands burn!
The jelly is severely wounded.
The jelly hits you.
You are splashed with acid!
You hit the jelly.
Your hands burn!
The jelly is almost dead.
The jelly barely misses you.
You hit the jelly.
You kill the jelly!
The bullfrog hits you. The bullfrog closely misses you.
You barely miss the bullfrog. The bullfrog hits you.
* * * LOW HITPOINT WARNING * * *
The bullfrog hits you.
* * * LOW HITPOINT WARNING * * *
The bullfrog hits you.
* * * LOW HITPOINT WARNING * * *
You feel very mighty all of a sudden. The bullfrog hits you.
* * * LOW HITPOINT WARNING * * *
The bullfrog hits you.
* * * LOW HITPOINT WARNING * * *
The bullfrog hits you.
* * * LOW HITPOINT WARNING * * *
Okay, then.
Okay, then.
It was a potion of attraction.
You feel attractive to monsters. The bullfrog hits you.
You die...

#.....###.......
#............ ..
#...........# .# ..
....[.# #<.. .#
...#.....# #.## .#
...#..#..####..##.##
...#.. #...........##
.....###.......#F...#
.....♣♣[.......#@##.#
.....≈≈#..>>...#.# .#
.♣P..≈♣♣.......#.#
♣≈...≈P♣♣......#.#
≈≈P≈.≈≈P♣♣.....#.#
###
≈P....≈≈P♣♣....#.#
....
≈≈≈...≈≈≈♣♣....#.#
... ≈≈≈...≈≈≈♣
###.#.# ...
≈≈P≈..≈≈P♣ #...###.#


You could see a bullfrog.

Vanquished Creatures
  A jelly (D:4)
  An iguana (D:4)
  A hound skeleton (D:2)
  A gnoll (D:2)
  5 adders
  3 worms (D:2)
  4 dart slugs
  4 orcs (D:3)
  2 endoplasms
  2 giant cockroaches
  7 goblins
  10 hobgoblins
  4 quokkas
  9 ball pythons
  8 bats
  4 frilled lizards
  8 kobolds
  7 rats
81 creatures vanquished.

Vanquished Creatures (others)
  A plant (D:4)
1 creature vanquished.

Grand Total: 82 creatures vanquished

Notes
Turn   | Place    | Note
-------+----------+-------------------------------------------
     0 | D:1      | croobank the Hill Orc Fighter began the quest for the Orb.
     0 | D:1      | Reached XP level 1. HP: 19/19 MP: 1/1
   117 | D:1      | Reached XP level 2. HP: 22/27 MP: 2/2
   610 | D:1      | Found Ymai's Antique Weapon Boutique.
   870 | D:2      | Found a faded altar of an unknown god.
   906 | D:2      | Reached XP level 3. HP: 28/33 MP: 3/3
  1411 | D:2      | Reached XP level 4. HP: 35/40 MP: 4/4
  2408 | D:3      | Found a hazy altar of Hepliaklqana.
  2541 | D:3      | Reached XP level 5. HP: 47/47 MP: 5/5
  2861 | D:3      | Noticed a +0 spear
  2862 | D:3      | Noticed a +0 short sword
  2862 | D:3      | Noticed a +0 dagger
  2863 | D:3      | Noticed a +0 spear
  2863 | D:3      | Noticed a +0 falchion
  2863 | D:3      | Noticed a +0 falchion
  2864 | D:3      | Noticed a +0 short sword
  2864 | D:3      | Noticed a +0 dagger
  2988 | D:3      | Found a hide-covered altar of Uskayaw.
  3482 | D:4      | HP: 2/47 [bullfrog (6)]
  3486 | D:4      | Slain by a bullfrog

Illustrated notes

Levels and vault maps discovered:
D:1:      psy_arrival_dodecagon, layout_loops_ring, serial_shops, shop,
          dk_noncrumbling_3
D:2:      layout_loops_cross, dreamdust_ecumenical_altar_angels_and_demons,
          minmay_puff
D:3:      layout_basic, mainiacjoe_overflow_concentric_impassable,
          nicolae_uskayaw_en_pointe
D:4:      layout_rooms, serial_bayou, serial_bayou_pond_b,
          serial_bayou_lagoon_a, serial_bayou_ford_a, serial_bayou_pond_b,
          uniq_blork_the_orc

Skill      XL: |  1  2  3  4  5 |
---------------+----------------+-----
Axes           | 3 4 |  4.4
Fighting       | 4 |  4.9
Armour         | 4 |  4.5
Shields        | 4 |  4.5

Action                   |  1- 3 |  4- 6 || total
-------------------------+-------+-------++-------
Melee: War axe           |   108 |   138 ||   246
 Fire: Hunting sling     |       |     2 ||     2
Throw: Javelin           |       |     6 ||     6
  Use: Scroll            |       |     2 ||     2
       Potion            |       |     2 ||     2
Armor: Scale mail        |    35 |    68 ||   103
Dodge: Dodged            |    54 |    83 ||   137
Block: Buckler           |    23 |    32 ||    55
